 Dungeon Crawl Stone Soup version 0.20.1-1-g8b1a95d (webtiles) character file.

754 kaze the Shield-Bearer (level 7, -8/44 HPs)
             Began as a Gargoyle Fighter on Sept 16, 2017.
             Killed by divine providence
             ... invoked by an orc priest
              (13 damage)
             ... on level 5 of the Dungeon.
             The game lasted 00:06:22 (3431 turns).

kaze the Shield-Bearer (Gargoyle Fighter)           Turns: 3431, Time: 00:06:22

Health: -8/44      AC: 15    Str: 21    XL:     7   Next: 79%
Magic:  7/7        EV:  8    Int:  9    God:
Gold:   205        SH: 11    Dex:  9    Spells: 6/6 levels left

rFire    . . .     SeeInvis .   a - +1 war axe
rCold    . . .     Gourm    .   c - +1 shield
rNeg     + . .     Faith    .   b - +0 scale mail
rPois    ∞         Spirit   .   (no helmet)
rElec    +         Reflect  .   w - +0 cloak
rCorr    .         Harm     .   d - +0 pair of gloves
MR       +....                  i - +0 pair of boots
Stlth    ..........             (no amulet)
Regen    0.2/turn               v - ring of protection from magic
MPRegen  0.1/turn               (no ring)

@: no status effects
A: negative energy resistance 1, electricity resistance, unbreathing,
petrification resistance, rot immunity, AC +4
a: no special abilities


You were on level 5 of the Dungeon.
You were not hungry.

You visited 1 branch of the dungeon, and saw 5 of its levels.
You also visited: Sewer.

You collected 205 gold pieces.

Inventory:

Hand Weapons
 a - a +1 war axe (weapon)
Armour
 b - a +0 scale mail (worn)
 c - a +1 shield (worn)
 d - a +0 pair of gloves (worn)
 i - a +0 pair of boots (worn)
 w - a +0 cloak (worn)
Jewellery
 v - a ring of protection from magic (left hand)
Wands
 y - a wand of confusion (11/48)
Scrolls
 h - 2 scrolls of immolation
 l - a scroll of fear
 n - 2 scrolls of teleportation
 r - a scroll of amnesia {unknown}
 x - a scroll of magic mapping {unknown}
 B - 2 scrolls of fog {unknown}
 C - a scroll of remove curse
Potions
 e - a potion of haste {unknown}
 k - a potion of magic
 m - a potion of resistance {unknown}
 o - a potion of brilliance {unknown}
 p - a potion of degeneration {unknown}
 q - a potion of lignification {unknown}
 t - a potion of agility {unknown}
 z - a potion of might
 A - 2 potions of heal wounds {unknown}
Comestibles
 f - 2 bread rations
 g - 8 fruits
 j - a meat ration
 s - 2 royal jellies


   Skills:
 + Level 4.6 Fighting
 + Level 5.2 Axes
 + Level 4.6 Armour
 + Level 1.5 Dodging
 + Level 0.8 Stealth
 + Level 5.3 Shields


You had 6 spell levels left.
You didn't know any spells.

Dungeon Overview and Level Annotations

Branches:
Dungeon (5/15)
 Temple: D:4-7

Altars:


Innate Abilities, Weirdness & Mutations

You are resistant to torment.
Your stone body is resilient. (AC +4)
You are immune to poison.
You resist negative energy. (rN+)
You are resistant to electric shocks. (rElec)
You can survive without breathing.
You are immune to petrification.
You are immune to rotting.


Message History

The orc is moderately wounded.
The orc barely misses you.
You barely miss the orc.
The orc is moderately wounded.
The orc hits you but does no damage.
You closely miss the orc.
The orc is moderately wounded.
The orc hits you but does no damage.
You closely miss the orc.
The orc is moderately wounded.
You block the orc's attack. The orc barely misses you.
You slash the orc!
You kill the orc!
The orc priest invokes the aid of Beogh against you.
Beogh smites you!
* * * LOW HITPOINT WARNING * * *
You closely miss the orc priest.
The orc priest mumbles some strange prayers to Beogh against you.
Beogh smites you!
You die...

#..#### #..##.. ###
#..##.# ..# #..##.# ..#
#...#.# ..# #####.#.#.#
..####.....#.#.####.####
..'.............@o....!.
..####.##..#...####.####
### #.#<..#<.....#
#.#........#.#
###.#.###....# #
####...#........#
................#
.......(....##..#
.†≈≈≈.......+ ....#


You could see an orc priest.

Vanquished Creatures
  An ogre (D:4)
  Blork the orc (D:4)
  2 scorpions
  A howler monkey (D:5)
  2 jellies
  A bullfrog zombie (D:5)
  An orc priest (D:4)
  2 hounds (D:4)
  A worker ant (D:5)
  A hound zombie (D:5)
  5 gnolls
  5 adders
  A river rat (D:5)
  3 oozes
  3 worms
  3 dart slugs
  2 leopard geckos (D:2)
  15 orcs
  4 ball pythons
  7 giant cockroaches
  11 goblins
  7 hobgoblins
  4 jackals (D:1)
  5 kobolds
  A quokka (D:3)
  8 bats
  7 frilled lizards
  A quokka zombie (D:5)
  5 rats
110 creatures vanquished.

Vanquished Creatures (others)
  3 fungi (D:4)
3 creatures vanquished.

Grand Total: 113 creatures vanquished

Notes
Turn   | Place    | Note
-------+----------+-------------------------------------------
     0 | D:1      | kaze the Gargoyle Fighter began the quest for the Orb.
     0 | D:1      | Reached XP level 1. HP: 14/14 MP: 1/1
   136 | D:1      | Reached XP level 2. HP: 19/19 MP: 2/2
   400 | D:1      | Reached XP level 3. HP: 21/23 MP: 3/3
  1251 | D:2      | Reached XP level 4. HP: 24/29 MP: 4/4
  2010 | D:3      | Reached XP level 5. HP: 33/33 MP: 5/5
  2671 | D:4      | Reached XP level 6. HP: 38/38 MP: 6/6
  2689 | D:4      | Noticed Blork the orc
  2700 | D:4      | Killed Blork the orc
  2700 | D:4      | Reached skill level 1 in Dodging
  2869 | D:4      | Reached XP level 7. HP: 38/44 MP: 7/7
  3127 | D:5      | Entered Level 5 of the Dungeon
  3150 | D:5      | Reached skill level 5 in Shields
  3203 | D:5      | Reached skill level 5 in Axes
  3218 | D:5      | Found a glowing drain.
  3241 | Sewer    | Entered a sewer
  3431 | D:5      | Killed from afar by an orc priest

Skill      XL: |  1  2  3  4  5  6  7 |
---------------+----------------------+-----
Axes           | 2 3 4 5 |  5.2
Shields        | 4 5 |  5.3
Armour         | 4 |  4.6
Fighting       | 4 |  4.6
Dodging        | 1 |  1.5
Stealth        | |  0.8

Action                   |  1- 3 |  4- 6 |  7- 9 || total
-------------------------+-------+-------+-------++-------
Melee: War axe           |   154 |   112 |   109 ||   375
  Use: Scroll            |     2 |     4 |     5 ||    11
       Potion            |       |     1 |       ||     1
  Eat: Chunk             |       |     7 |     2 ||     9
Armor: Scale mail        |    85 |    57 |    58 ||   200
Dodge: Dodged            |    42 |    31 |    36 ||   109
Block: Shield            |    83 |    67 |    58 ||   208
